 Dungeon Crawl Stone Soup version 0.23.1 (webtiles) character file.

Game seed: 5086908604603007770

772 Yunesin the Poker (level 7, -14/49 HPs)
             Began as an Octopode Berserker on Mar 15, 2019.
             Was a Priest of Trog.
             Demolished by Duvessa
             ... wielding a +1 short sword of venom
              (16 damage)
             ... on level 4 of the Dungeon.
             The game lasted 00:14:20 (3894 turns).

Yunesin the Poker (Octopode Berserker)              Turns: 3894, Time: 00:14:22

Health: -14/49     AC:  1    Str: 17    XL:     7   Next: 83%
Magic:  7/7        EV: 15    Int:  9    God:    Trog [***...]
Gold:   199        SH:  5    Dex: 13    Spells: 6/6 levels left

rFire    . . .     SeeInvis .   a - +0 spear
rCold    . . .     Gourm    .   h - +1 buckler
rNeg     . . .     Faith    .   (helmet restricted)
rPois    .         Spirit   .   (no amulet)
rElec    .         Reflect  .   (no ring)
rCorr    .         Harm     .   (no ring)
MR       .....                  (no ring)
Stlth    ++........             (no ring)
HPRegen  0.16/turn              (no ring)
MPRegen  0.10/turn              (no ring)
                                (no ring)
                                (no ring)

@: lethally poisoned (-14 -> -21)
A: almost no armour, stealthy swim, amphibious, 8 rings, constrict 8, camouflage
1, gelatinous body 1
a: Berserk, Trog's Hand, Renounce Religion


You were on level 4 of the Dungeon.
You worshipped Trog.
Trog was most pleased with you.
You were not hungry.

You visited 1 branch of the dungeon, and saw 4 of its levels.

You collected 199 gold pieces.

Inventory:

Hand Weapons
 a - a +0 spear (weapon)
Missiles
 m - 2 needles of sleeping
Armour
 h - a +1 buckler (worn)
Wands
 o - a wand of digging (6)
Scrolls
 f - a scroll of fog
 k - 2 scrolls of teleportation
 n - a scroll of enchant armour
 p - a scroll of immolation {unknown}
 q - a scroll of amnesia {unknown}
Potions
 d - 10 potions of curing
 e - a potion of resistance {unknown}
 g - a potion of flight
 i - a potion of agility {unknown}
 j - a potion of brilliance {unknown}
Comestibles
 b - 7 rations
 c - 2 chunks of flesh


   Skills:
 + Level 4.8 Fighting
 * Level 6.1 Polearms
 + Level 4.9 Dodging
 + Level 3.2 Shields


You had 6 spell levels left.
You didn't know any spells.
Your spell library was empty.

Dungeon Overview and Level Annotations

Branches:
Dungeon (4/15)
 Temple: D:4-7

Altars:
Ashenzari

Annotations:
D:4 Duvessa


Innate Abilities, Weirdness & Mutations

You cannot wear most types of armour.
You are very stealthy in the water. (Stealth+)
You are amphibious.
You can wear up to eight rings at the same time.
You can use your tentacles to constrict eight enemies at once.
Your skin changes colour to match your surroundings (Stealth+).
Your rubbery body absorbs attacks. (AC +1, EV +1)


Message History

* * * LOW HITPOINT WARNING * * *
You are poisoned.
You hit Duvessa. You grab Duvessa. You squeeze Duvessa, but do no damage.
Duvessa is lightly wounded.
You constrict Duvessa, but do no damage.
You feel sick.
Duvessa hits you with a +1 short sword of venom!
* * * LOW HITPOINT WARNING * * *
You hit Duvessa.
Duvessa is lightly wounded.
You constrict Duvessa, but do no damage.
* * * LOW HITPOINT WARNING * * *
You feel sick. Duvessa barely misses you.
You hit Duvessa but do no damage.
Duvessa is lightly wounded.
You constrict Duvessa.
* * * LOW HITPOINT WARNING * * *
You feel sick.
Duvessa hits you with a +1 short sword of venom!
You die...

#....######......# #.#.#
########.####.#.####.###.#.#
#.............#.##.......#.#
#.......#####.#.##.#.##..#.#
#............<#.##.#.....#.#
#.............#....#..#....# ###
#.......#####.######..########.รท
#.............#....#...........#
####.#.#.####.#@##.#.########..#
#.#.#.....<#e##.#.#......)..#
#.#.######.#.##.#.#.........#
###.#........#.##.#.#.........#
#..........###.##.#.######.....
#.................#.### #.....
#.........e...........# #.....
#.....................# #.....
#.....................# #.....


You could see Duvessa (berserk).

Vanquished Creatures
  Sigmund (D:2)
  An ogre (D:4)
  Dowan (D:4)
  A scorpion (D:4)
  A howler monkey (D:4)
  A hound (D:3)
  An orc priest (D:4)
  A centaur skeleton (D:4)
  2 worker ants (D:4)
  Natasha (thrice) (D:4)
  3 gnolls (D:4)
  8 adders
  4 worms
  A dart slug (D:1)
  4 leopard geckos
  8 orcs
  2 giant cockroaches (D:3)
  11 goblins
  8 hobgoblins
  14 kobolds
  A quokka (D:3)
  2 ball pythons
  9 bats
  2 frilled lizards
  11 rats
101 creatures vanquished.

Notes
Turn   | Place    | Note
-------+----------+-------------------------------------------
     0 | D:1      | Yunesin the Octopode Berserker began the quest for the Orb.
     0 | D:1      | Reached XP level 1. HP: 16/16 MP: 1/1
    53 | D:1      | Reached XP level 2. HP: 17/21 MP: 2/2
   550 | D:1      | Reached XP level 3. HP: 26/26 MP: 3/3
   884 | D:2      | Found a shattered altar of Ashenzari.
  1065 | D:2      | Reached ** piety under Trog
  1164 | D:2      | Noticed Sigmund
  1191 | D:2      | Killed Sigmund
  1191 | D:2      | Reached skill level 4 in Polearms
  1191 | D:2      | Reached skill level 1 in Shields
  1191 | D:2      | Reached XP level 4. HP: 19/33 MP: 4/4
  1191 | D:2      | Reached XP level 5. HP: 22/37 MP: 5/5
  2099 | D:3      | Reached XP level 6. HP: 36/43 MP: 6/6
  2570 | D:3      | Reached skill level 5 in Polearms
  3181 | D:4      | Reached XP level 7. HP: 49/49 MP: 7/7
  3288 | D:4      | Noticed Duvessa
  3448 | D:4      | Noticed Natasha
  3453 | D:4      | Killed Natasha
  3492 | D:4      | Noticed Dowan
  3502 | D:4      | Killed Dowan
  3558 | D:4      | Reached *** piety under Trog
  3564 | D:4      | Noticed Natasha
  3574 | D:4      | Killed Natasha
  3574 | D:4      | Reached skill level 6 in Polearms
  3836 | D:4      | Noticed Natasha
  3851 | D:4      | Killed Natasha
  3894 | D:4      | HP: 2/49 [poisoned by Duvessa]
  3894 | D:4      | Demolished by Duvessa

Skill      XL: |  1  2  3  4  5  6  7 |
---------------+----------------------+-----
Polearms       | 4 5 6 |  6.1
Shields        | 1 2 3 |  3.2
Dodging        | 4 |  4.9
Fighting       | 4 |  4.8

Action                   |  1- 3 |  4- 6 |  7- 9 || total
-------------------------+-------+-------+-------++-------
Melee: Spear             |    83 |   156 |    58 ||   297
       Constrict         |    14 |    31 |    10 ||    55
       Tentacles         |     7 |    27 |    13 ||    47
Invok: Berserk           |     1 |     1 |     3 ||     5
  Use: Scroll            |       |     6 |     2 ||     8
 Stab: Sleeping          |     8 |    17 |     1 ||    26
       Distracted        |       |     2 |       ||     2
  Eat: Chunk             |     2 |     6 |     6 ||    14
Armor: Skin              |     4 |     4 |       ||     8
Dodge: Dodged            |    34 |    46 |    11 ||    91
Block: Buckler           |     3 |    15 |     2 ||    20
